 Dungeon Crawl Stone Soup version 0.19-b1-4-gd8a0a2a (webtiles) character file.

123 Kullungy the Skirmisher (level 4, 0/37 HPs)
             Began as a Demonspawn Chaos Knight on Oct 30, 2016.
             Incinerated by a mottled dragon (3 damage)
             ... with a sticky flame
             ... on level 4 of the Dungeon.
             The game lasted 00:23:44 (2722 turns).

Kullungy the Skirmisher (Demonspawn Chaos Knight)   Turns: 2722, Time: 00:23:45

Health: 0/37       AC:  7    Str: 13    XL:     4   Next: 80%
Magic:  0/4        EV:  4    Int: 14    God:    Xom [...*..]
Gold:   155        SH: 11    Dex: 15    Spells: 1 memorised, 2 levels left

rFire  + . .     SeeInvis .     a - +0 falchion (chaos)
rCold  . . .     Gourm    .     y - +0 scale mail
rNeg   . . .     Faith    .     C - +0 large shield
rPois  .         Spirit   +     (no helmet)
rElec  .         Reflect  .     (no cloak)
rCorr  .         Harm     .     p - +0 pair of gloves
MR     .....                    (no boots)
Stlth  ..........               g - amulet of guardian spirit
                                (no ring)
                                v - +3 ring of dexterity

@: liquid flames, death channel, glowing
A: claws 1, hooves 1, fire resistance 1, sense surroundings 2, wild magic 1
a: Renounce Religion


You were on level 4 of the Dungeon.
You worshipped Xom.
You were a favourite toy of Xom.
You were very full.

You visited 1 branch of the dungeon, and saw 4 of its levels.

You collected 155 gold pieces.

Inventory:

Hand Weapons
 a - a +0 falchion of chaos (weapon)
 d - a +0 dagger
 e - a +0 dagger
 f - a +0 club
 i - a +0 short sword
 k - a +0 dagger
 l - a +0 club
 n - a +0 dagger
 q - a +0 club
 u - a +0 dagger
 x - a +0 great mace
 z - a +0 hand axe
 G - a +0 mace
 J - a +0 whip
 L - a +0 dagger
 M - a +0 hand axe
 N - a +0 dagger of venom
Missiles
 c - 3 tomahawks
 h - 97 stones (quivered)
 E - 6 poisoned needles
 F - 20 arrows
Armour
 b - a +2 leather armour
 o - a +0 robe
 p - a +0 pair of gloves (worn)
 s - a +0 leather armour
 t - a +0 chain mail
 w - a +0 plate armour
 y - a +0 scale mail (worn)
 C - a +0 large shield (worn)
 K - a +0 scale mail
 R - a +0 leather armour
Jewellery
 g - an amulet of guardian spirit (around neck)
 r - an uncursed amulet of rage
 v - a +3 ring of dexterity (left hand)
Scrolls
 A - a scroll of remove curse
 B - a scroll of blinking
 D - a scroll of teleportation
 H - 2 scrolls of identify
Potions
 m - 2 potions of curing
Books
 P - a book of the Dragon

   Spells                             Type                      Level
   a - Flame Tongue                   Conjuration/Fire             1
   b - Cause Fear                     Hexes                        4
   c - Bolt of Fire                   Conjuration/Fire             6
   d - Dragon Form                    Transmutation                7
   e - Dragon's Call                  Summoning                    9
Comestibles
 O - a chunk of flesh
 Q - a slice of pizza


   Skills:
 * Level 3.7 Fighting
 + Level 3.7 Long Blades
 + Level 2.5 Armour
 + Level 1.1 Dodging
 + Level 0.6 Stealth
 * Level 1.0 Shields


You had 2 spell levels left.
You knew the following spells:

 Your Spells              Type           Power        Failure   Level  Hunger
a - Flame Tongue          Conj/Fire      #....        100%        1    ##.....


Dungeon Overview and Level Annotations

Branches:
Dungeon (4/15)
 Temple: D:4-7

Altars:


Innate Abilities, Weirdness & Mutations

You have sharp fingernails.
You have large cloven feet.
Your flesh is heat resistant. (rF+)
You passively map the area around you.
Your spells are a little harder to cast, but a little more powerful.


Message History

Keep eating?
The mottled dragon breathes sticky fire at you.
The sticky flame hits you! You resist.
You are covered in liquid flames!
You continue eating.
You are covered in liquid flames!
The mottled dragon barely misses you. You block the mottled dragon's attack.
You continue eating.
You are covered in liquid flames!
The mottled dragon bites you!
* * * LOW HITPOINT WARNING * * *
You block the mottled dragon's attack.
You finish eating.
That bread ration really hit the spot!
You are covered in liquid flames!
* * * LOW HITPOINT WARNING * * *
Xom's power flows through you!
Malign forces permeate your being, awaiting release.
You are covered in liquid flames!
You die...
Xom guffaws!

#....#...#...#....##** ,
#.#.#.#.#.#.#.#.#.. ,
*..#...#)..#...#.#* ** *
#.#.#.#.#.#.#.##
..#...#...#...#
#.#.#.#.#.#.#.##
*..#..D#...#...#.###
#.#.#.#.#.#.#.#....# *
#.#####@#..##.#.##.# *
#.............#.##.#
#######.#..#.....#<####.
#.#..##.#.........
#.#.......#.......
#.##........<###..
#.#########.##**,, #.#
#.#* * #.#


You could see a mottled dragon.

Vanquished Creatures
  A worker ant (D:3)
  3 adders
  3 dart slugs
  2 leopard geckos (D:1)
  4 orcs (D:3)
  4 giant cockroaches
  6 goblins
  5 hobgoblins
  A jackal (D:1)
  4 kobolds
  4 quokkas
  8 bats
  6 frilled lizards
  5 rats
56 creatures vanquished.

Vanquished Creatures (others)
  A dart slug (D:1)
1 creature vanquished.

Grand Total: 57 creatures vanquished

Notes
Turn   | Place    | Note
-------+----------+-------------------------------------------
     0 | D:1      | Kullungy the Demonspawn Chaos Knight began the quest for the Orb.
     0 | D:1      | Reached XP level 1. HP: 18/18 MP: 1/1
    35 | D:1      | XOM: butterfly on damage
    48 | D:1      | XOM: silly message
    53 | D:1      | Gained mutation: You have sharp fingernails. [demonic ancestry]
    53 | D:1      | Reached XP level 2. HP: 15/24 MP: 2/2
   102 | D:1      | Reached skill level 1 in Dodging
   212 | D:1      | XOM: harmless Chrm miscast
   257 | D:1      | XOM: smoke on damage
   273 | D:1      | XOM: divination: detect items
   621 | D:1      | XOM: give mutation
   621 | D:1      | Gained mutation: Your spells are a little harder to cast, but a little more powerful. [Xom's grace]
   631 | D:1      | Reached XP level 3. HP: 17/29 MP: 3/3
   761 | D:1      | XOM: god gift: great mace {god gift}
   809 | D:1      | XOM: cloud trail
   817 | D:1      | XOM: god gift: scale mail {god gift}
   972 | D:2      | XOM: harmless Necr miscast
  1014 | D:2      | XOM: scenery: 3 doors open, 1 doors close
  1374 | D:2      | XOM: divination: detect items
  1588 | D:2      | Reached XP level 4. HP: 32/36 MP: 4/4
  1666 | D:2      | XOM: give mutations
  1666 | D:2      | Gained mutation: Your flesh is heat resistant. (rF+) [Xom's grace]
  1666 | D:2      | Gained mutation: You have large cloven feet. [Xom's grace]
  1666 | D:2      | Gained mutation: You passively map a small area around you. [Xom's grace]
  1666 | D:2      | Gained mutation: You passively map the area around you. [Xom's grace]
  1738 | D:2      | XOM: harmless Erth miscast
  2115 | D:3      | XOM: harmless Fire miscast
  2181 | D:3      | XOM: divination: magic mapping
  2246 | D:3      | XOM: medium Ice miscast
  2278 | D:3      | Reached skill level 1 in Shields
  2327 | D:3      | XOM: medium Fire miscast
  2409 | D:3      | XOM: harmless Air miscast
  2631 | D:3      | Learned a level 1 spell: Flame Tongue
  2698 | D:4      | Noticed an ogre
  2714 | D:4      | Noticed a mottled dragon
  2714 | D:4      | an ogre changed into a mottled dragon
  2714 | D:4      | XOM: polymorph ogre -> mottled dragon
  2721 | D:4      | XOM: cast spell 'Death Channel'
  2722 | D:4      | Incinerated by a mottled dragon

Skill      XL: |  1  2  3  4 |
---------------+-------------+-----
Armour         | 2 |  2.5
Dodging        | 1 |  1.1
Long Blades    | 3 |  3.7
Shields        | 1 |  1.0
Fighting       | |  3.7
Stealth        | |  0.6

Action                   |  1- 3 |  4- 6 || total
-------------------------+-------+-------++-------
Melee: Falchion          |   152 |    51 ||   203
       Kick              |       |    11 ||    11
  Use: Scroll            |     6 |     1 ||     7
       Potion            |     3 |     2 ||     5
 Stab: Petrified         |     5 |       ||     5
  Eat: Bread ration      |     1 |     1 ||     2
       Meat ration       |       |     1 ||     1
Armor: Leather armour    |    16 |       ||    16
       Chain mail        |    38 |       ||    38
       Scale mail        |    47 |    15 ||    62
Dodge: Dodged            |    55 |     8 ||    63
Block: Large shield      |    37 |    34 ||    71
       Rpst.: Falchion   |    22 |     4 ||    26
